 Dungeon Crawl Stone Soup version 0.26-a0-651-gb41185065b (webtiles) character file.

Game seed: 4510110718173968047

692 Flugslaktarn the Chopper (level 7, 0/67 HPs)
             Began as a Deep Dwarf Fighter on Oct 11, 2020.
             Slain by an ogre
             ... wielding a +0 giant club
              (14 damage)
             ... on level 5 of the Dungeon.
             The game lasted 00:00:49 (1186 turns).

Flugslaktarn the Chopper (Deep Dwarf Fighter)       Turns: 1186, Time: 00:00:50

Health: 0/67       AC:  8    Str: 19    XL:     7   Next: 36%
Magic:  5/5        EV:  7    Int:  9    God:
Gold:   109        SH: 10    Dex: 14    Spells: 6/6 levels left

rFire    . . .     SeeInvis .   a - +0 war axe
rCold    . . .     Faith    .   c - +0 kite shield
rNeg     . . .     Spirit   .   b - +0 scale mail
rPois    .         Reflect  .   k - +0 helmet (curse)
rElec    .         Harm     .   (no cloak)
rCorr    .         Rampage  .   (no gloves)
MR       +....                  (no boots)
Stlth    ..........             (no amulet)
HPRegen  0.00/turn              j - +4 ring of slaying
MPRegen  0.09/turn              (no ring)

@: non-regenerating
A: damage resistance, heal wounds, sense surroundings 1, no regeneration
a: Heal Wounds


You were on level 5 of the Dungeon.
You visited 1 branch of the dungeon, and saw 5 of its levels.

You collected 109 gold pieces.

Inventory:

Hand Weapons
 a - a +0 war axe (weapon)
Armour
 b - a +0 scale mail (worn)
 c - a +0 kite shield (worn)
 k - a cursed +0 helmet (worn)
   (You found it on level 4 of the Dungeon)
Jewellery
 j - a +4 ring of slaying (left hand)
   (You found it on level 4 of the Dungeon)
Scrolls
 f - a scroll of amnesia {unknown}
 g - 10 scrolls of identify {unknown}
 i - a scroll of enchant weapon {unknown}
 m - a scroll of enchant armour {unknown}
 n - 2 scrolls of teleportation {unknown}
 p - a scroll of blinking {unknown}
Potions
 d - a potion of might
 e - a potion of invisibility {unknown}
 h - a potion of cancellation {unknown}
 l - a potion of degeneration {unknown}
 o - a potion of curing {unknown}


   Skills:
 * Level 5.0 Fighting
 * Level 5.5 Axes
 + Level 4.8 Armour
 + Level 4.9 Shields


You had 6 spell levels left.
You didn't know any spells.
Your spell library was empty.

Dungeon Overview and Level Annotations

Branches:
Dungeon (5/15)
 Temple: D:4-7

Altars:

Annotations:
D:4 2 transporters, Flugslaktarn's ghost, amateur DDFi


Innate Abilities, Weirdness & Mutations

You are resistant to damage.
You can heal yourself by infusing magical energy.
You passively map a small area around you.
You do not regenerate.


Message History

The ogre is severely wounded.
The ogre hits you with a +0 giant club!
You barely miss the ogre.
The ogre is severely wounded.
You block the ogre's attack.
You closely miss the ogre.
The ogre is severely wounded.
The ogre hits you with a +0 giant club!!
* * * LOW HITPOINT WARNING * * *
You are too injured to fight recklessly!
You are too injured to fight recklessly!
You are too injured to fight recklessly!
You are too injured to fight recklessly!
You are too injured to fight recklessly!
You are too injured to fight recklessly!
You are too injured to fight recklessly!
You are too injured to fight recklessly!
You are too injured to fight recklessly!
You fail to use your ability.
The ogre hits you with a +0 giant club!
You die...

, #...*...#* , *
..##.(.. , ,
...#..#, . *, ,
#....###.. ,
###.........
#........... **
##...........
#....@O......,
##............
#####............. ,
, #.##.<...........(
,
##.#...............*
#...............#..
* #..............##
. #.......).......,
#.......)......


You could see an ogre.

Vanquished Creatures
  Sigmund (D:2)
  Eustachio (D:4)
  An ogre (D:4)
  A crocodile (D:4)
  A scorpion (D:4)
  A jelly (D:5)
  Jessica (D:3)
  Natasha (thrice) (D:4)
  3 adders
  An ufetubus (D:5)
  2 oozes (D:4)
  2 adder skeletons (D:4)
  A dart slug (D:3)
  A worm (D:3)
  A leopard gecko (D:3)
  3 bats (D:3)
  A giant cockroach (D:1)
  3 goblins (D:3)
  2 kobolds
  2 quokkas
  2 ball pythons
  4 frilled lizards
  A rat (D:3)
39 creatures vanquished.

Notes
Turn   | Place    | Note
-------+----------+-------------------------------------------
     0 | D:1      | Flugslaktarn the Deep Dwarf Fighter began the quest for the
                  | Orb.
     0 | D:1      | Reached XP level 1. HP: 20/20 MP: 1/1
    94 | D:2      | Noticed Sigmund
   115 | D:2      | Killed Sigmund
   115 | D:2      | Reached XP level 2. HP: 30/30 MP: 1/1
   115 | D:2      | Reached XP level 3. HP: 36/36 MP: 2/2
   115 | D:2      | Reached XP level 4. HP: 44/44 MP: 3/3
   115 | D:2      | Reached XP level 5. HP: 50/50 MP: 4/4
   134 | D:3      | Noticed Jessica
   154 | D:3      | Killed Jessica
   458 | D:4      | Noticed an ogre
   465 | D:4      | Killed an ogre
   465 | D:4      | Reached XP level 6. HP: 37/57 MP: 5/5
   480 | D:4      | Noticed Natasha
   491 | D:4      | Killed Natasha
   502 | D:4      | Noticed Natasha
   511 | D:4      | Killed Natasha
   588 | D:4      | Found a transporter.
   588 | D:4      | Noticed Flugslaktarn's ghost (amateur DDFi)
   589 | D:4      | Identified the +6 dire flail "Natotako" {holy, +Fly Str+2}
   590 | D:4      | Found a transporter.
   757 | D:4      | Noticed Natasha
   760 | D:4      | Killed Natasha
   843 | D:4      | Reached skill level 5 in Axes
   959 | D:4      | Noticed Eustachio
   975 | D:4      | Killed Eustachio
   975 | D:4      | Reached XP level 7. HP: 28/66 MP: 6/6
   991 | D:4      | Reached skill level 5 in Fighting
  1156 | D:5      | Entered Level 5 of the Dungeon
  1186 | D:5      | Slain by an ogre

Illustrated notes

Levels and vault maps discovered:
D:1:      ldierk_walled_garden, layout_basic, chequers_serial_rivers_micro_b,
          minmay_misc_feat_plants, supply_closet_lemuel,
          ebering_dispersal_statue_hall
D:2:      layout_loops_corners, amethyst_overflow_temple_binary,
          lightli_temple_of_fire, marbit_many_paths, uniq_sigmund
D:3:      layout_rooms, uniq_jessica
D:4:      layout_loops_ring, gammafunk_ghost_smash, uniq_eustachio, uniq_natasha
D:5:      layout_cave_pools, evilmike_ruin_ashenzari, serial_bayou_pond_a

Skill      XL: |  1  2  3  4  5  6  7 |
---------------+----------------------+-----
Fighting       | 3 4 5 |  5.0
Axes           | 3 4 5 |  5.5
Armour         | 4 |  4.8
Shields        | 4 |  4.9

Action                   |  1- 3 |  4- 6 |  7- 9 || total
-------------------------+-------+-------+-------++-------
Melee: War axe           |    23 |   119 |    18 ||   160
 Abil: Heal Wounds       |     2 |     1 |     1 ||     4
Armor: Scale mail        |    11 |    65 |     6 ||    82
Dodge: Dodged            |     5 |    47 |    10 ||    62
Block: Kite shield       |     9 |    61 |    12 ||    82

Table legend: (Time is in decaauts)
 A = Elapsed time spent in this place.
 B = Non-inter-level travel time spent in this place.
 C = Inter-level travel time spent in this place.
 D = Time resting spent in this place.
 E = Time spent auto-exploring this place.
 F = Levels seen in this place.
 G = Mean time per level.
                   A        B        C        D        E       F      G
               +--------+--------+--------+--------+--------+-----+--------+
         Total |   1242 |   1119 |    123 |      0 |    777 |   5 |  248.4 |
       Dungeon |   1242 |   1119 |    123 |      0 |    777 |   5 |  248.4 |
               +--------+--------+--------+--------+--------+-----+--------+

Top non-repeatable levels by time:
     D:4: 772 daAuts
     D:3: 305 daAuts
     D:2: 88 daAuts
     D:1: 44 daAuts
     D:5: 32 daAuts
